 Dungeon Crawl Stone Soup version 0.27.1-3-gb3d3a73c9e (webtiles) character file.

Game seed: 1089915370582187101

107 12sPaWn12 the Covered (level 4, 0/29 HPs)
             Began as a Gargoyle Fighter on Oct 11, 2021.
             Frozen to death by an endoplasm (5 damage)
             ... in a sewer.
             The game lasted 00:05:33 (3298 turns).

12sPaWn12 the Covered (Gargoyle Fighter)            Turns: 3298, Time: 00:05:34

Health: 0/29       AC: 11    Str: 21    XL:     4   Next: 86%
Magic:  4/4        EV:  7    Int:  8    God:
Gold:   121        SH:  9    Dex:  9    Spells: 3/3 levels left

rFire    . . .     SeeInvis .   a - +0 flail
rCold    . . .     Faith    .   c - +0 kite shield
rNeg     + . .     Spirit   .   b - +0 scale mail
rPois    ∞         Reflect  .   (no helmet)
rElec    +         Harm     .   (no cloak)
rCorr    .         Rampage  .   (no gloves)
Will     .....                  n - +0 pair of boots
Stlth    ..........             (no amulet)
HPRegen  0.09/turn              e - ring of flight
MPRegen  0.09/turn              (no ring)

@: flying
A: sickness immunity, AC +3, negative energy resistance 1, electricity
resistance, torment resistance 1, petrification resistance
a: no special abilities


You were in a sewer.
You visited 1 branch of the dungeon, and saw 4 of its levels.
You also visited: Sewer.

You collected 121 gold pieces.

Inventory:

Hand Weapons
 a - a +0 flail (weapon)
Armour
 b - a +0 scale mail (worn)
 c - a +0 kite shield (worn)
 n - a +0 pair of boots (worn)
Jewellery
 e - a ring of flight (left hand)
 f - a ring of ice
Scrolls
 g - a scroll of blinking {unknown}
 h - 2 scrolls of noise {unknown}
 j - 6 scrolls of teleportation
 k - a scroll of identify
 m - 2 scrolls of enchant weapon {unknown}
 o - a scroll of magic mapping
 p - a scroll of fear {unknown}
 s - a scroll of amnesia {unknown}
Potions
 d - 2 potions of might


   Skills:
 * Level 3.8 Fighting
 * Level 3.1 Maces & Flails
 * Level 4.2 Armour
 * Level 4.0 Shields


You had 3 spell levels left.
You didn't know any spells.
Your spell library contained the following spells:

 Spells                   Type           Power      Damage    Failure   Level
 Summon Small Mammal      Summ           0%         N/A       99%         1
 Blink                    Tloc           N/A        N/A       100%        2
 Call Canine Familiar     Summ           0%         N/A       100%        3
 Conjure Flame            Conj/Fire      0%         6-21      100%        3
 Ignite Poison            Fire/Tmut/Pois 0%         N/A       100%        3
 Summon Guardian Golem    Hex/Summ       0%         N/A       100%        3
 Sticky Flame             Conj/Fire      0%         2d3       100%        4
 Manifold Assault         Tloc           0%         N/A       100%        5
 Summon Forest            Summ/Tloc      0%         N/A       100%        5
 Eringya's Noxious Bog    Tmut/Pois      0%         N/A       100%        6
 Storm Form               Tmut/Air       0%         N/A       100%        7
 Summon Hydra             Summ           0%         N/A       100%        7


Dungeon Overview and Level Annotations

Branches:
Dungeon (4/15)              Sewer (1/1)
 Temple: D:4-7

Altars:


Innate Abilities, Weirdness & Mutations

You are immune to sickness and miasma.
Your stone body is resilient. (AC +3)
You are immune to poison.
You resist negative energy. (rN+)
You are resistant to electric shocks. (rElec)
You are resistant to unholy torment.
You are immune to petrification.


Message History

You closely miss the giant cockroach.
The giant cockroach is severely wounded.
You block the giant cockroach's attack. The endoplasm freezes you.
You are frozen.
The giant cockroach bites you but does no damage.
You sock the giant cockroach!
You kill the giant cockroach!
The endoplasm freezes you.
You are frozen.
The endoplasm freezes you.
You are frozen.
Your shield and scale mail prevent you from hitting the endoplasm.
The endoplasm splashes around in the water. x2
You hit the endoplasm.
The endoplasm is severely wounded.
The endoplasm hits you.
The endoplasm splashes around in the water.
The endoplasm barely misses you. The endoplasm freezes you.
You are frozen.
You hit the endoplasm.
The endoplasm is almost dead.
The endoplasm freezes you.
You are frozen.
The endoplasm freezes you.
You are frozen.
* * * LOW HITPOINT WARNING * * *
You hit the endoplasm.
You kill the endoplasm!
The endoplasm hits you but does no damage.
The endoplasm freezes you.
You are frozen.
* * * LOW HITPOINT WARNING * * *
Unknown command.
You hit the endoplasm.
The endoplasm is lightly wounded.
The endoplasm freezes you.
You are frozen.
You die...

##.##
#.≈#.≈
#.≈#≈#
#≈≈#≈#
#†≈#.#
#≈≈#≈#
#≈.#≈##
#≈.#†J#
#≈≈#@≈#
#≈≈†≈≈#
#≈.≈≈.#
#.≈≈≈≈#
#######


You could see an endoplasm.

Vanquished Creatures
  Jessica (D:2)
  An adder (D:3)
  A worm (D:2)
  2 bats
  5 endoplasms
  11 giant cockroaches
  8 goblins
  5 hobgoblins
  12 kobolds
  7 quokkas
  3 ball pythons
  2 frilled lizards
  3 rats
61 creatures vanquished.

Notes
Turn   | Place    | Note
-------+----------+-------------------------------------------
     0 | D:1      | 12sPaWn12 the Gargoyle Fighter began the quest for the Orb.
     0 | D:1      | Reached XP level 1. HP: 14/14 MP: 1/1
   236 | D:1      | Reached XP level 2. HP: 19/19 MP: 2/2
  1292 | D:2      | Reached XP level 3. HP: 20/23 MP: 3/3
  1360 | D:2      | Found a faded altar of an unknown god.
  1501 | D:2      | Noticed Jessica
  1506 | D:2      | Killed Jessica
  1646 | D:2      | Reached XP level 4. HP: 23/29 MP: 4/4
  3034 | D:4      | Found a glowing drain.
  3163 | Sewer    | Entered a sewer
  3298 | Sewer    | Frozen to death by an endoplasm

Illustrated notes

Levels and vault maps discovered:
D:1:      lightli_arrival_maybe_door_vault, layout_loops_ring, minivault_4,
          dk_noncrumbling_2
D:2:      layout_basic, hellmonk_ecumenical_altar_leap_of_faith,
          grunt_ministairs_8, uniq_jessica
D:3:      layout_loops_corners, corexii_item_surrounded_by_moat,
          minmay_misc_feat_room
D:4:      layout_basic, worldfamousw_hep_ancestral_shrine, gup_sewer_entry_pipe,
          hangedman_abyss_or_decor_stabs, uniq_natasha, uniq_menkaure,
          uniq_robin, uniq_pikel
Sewer:    sewer_frog_island_02

Skill      XL: |  1  2  3  4 |
---------------+-------------+-----
Armour         | 4 |  4.2
Shields        | 4 |  4.0
Maces & Flails | 3 |  3.1
Fighting       | |  3.8

Action                   |  1- 3 |  4- 6 || total
-------------------------+-------+-------++-------
Melee: Flail             |    97 |   121 ||   218
  Use: Potion            |       |     5 ||     5
       Scroll            |       |     3 ||     3
Armor: Scale mail        |    44 |    61 ||   105
Dodge: Dodged            |    32 |    46 ||    78
Block: Kite shield       |    52 |    73 ||   125
